 Dungeon Crawl Stone Soup version 0.26.1-11-gd32895ea62 (webtiles) character file.

Game seed: 10813474097231245823

2127 buriedalive the Nimble (level 9, -6/45 HPs)
             Began as a Deep Elf Ice Elementalist on June 16, 2021.
             Was an Initiate of Ashenzari.
             Mangled by an ogre
             ... wielding a cursed +0 giant club
              (27 damage)
             ... on level 7 of the Dungeon.
             The game lasted 00:14:35 (8906 turns).

buriedalive the Nimble (Deep Elf Ice Elementalist)  Turns: 8906, Time: 00:14:36

Health: -6/45      AC:  3    Str:  5    XL:     9   Next: 8%
Magic:  0/24       EV: 23    Int: 24    God:    Ashenzari [......]
Gold:   278        SH:  0    Dex: 17    Spells: 3/14 levels left

rFire    . . .     SeeInvis .   c - +1 short sword
rCold    . . .     Faith    .   (no shield)
rNeg     . . .     Spirit   +   a - +1 robe
rPois    .         Reflect  .   (no helmet)
rElec    .         Harm     .   (no cloak)
rCorr    .         Rampage  .   (no gloves)
Will     .....                  (no boots)
Stlth    ++........             A - amulet "Natefaf" {Spirit Dex+2}
HPRegen  0.15/turn              l - +4 ring of evasion (curse)
MPRegen  0.19/turn              s - ring of magical power (curse)

@: frozen ramparts
A: no striking features
a: Renounce Religion, Curse Item


You were on level 7 of the Dungeon.
You worshipped Ashenzari.
Ashenzari was noncommittal.
You visited 2 branches of the dungeon, and saw 8 of its levels.

You collected 278 gold pieces.

Inventory:

Hand Weapons
 c - a +1 short sword (weapon)
Missiles
 e - 104 stones
 k - 19 poisoned darts (quivered)
 m - 3 throwing nets
 r - 2 curare-tipped darts
Armour
 a - a +1 robe (worn)
Jewellery
 l - a cursed +4 ring of evasion (left hand)
 o - an uncursed ring of positive energy
 s - a cursed ring of magical power (right hand)
 A - the amulet "Natefaf" (around neck) {Spirit Dex+2}
   (You found it on level 6 of the Dungeon)

   [amulet of guardian spirit]

   It causes incoming damage to be split between your health and magic.
   It affects your dexterity (+2).
Wands
 p - a wand of enslavement (15)
Scrolls
 b - a scroll of silence {unknown}
 d - a scroll of fog
 f - 3 scrolls of teleportation
 g - 2 scrolls of amnesia
 i - 2 scrolls of enchant weapon
 t - 4 scrolls of remove curse
 v - 2 scrolls of immolation {unknown}
 x - 2 scrolls of blinking {unknown}
 y - a scroll of magic mapping
Potions
 j - 4 potions of lignification
 n - 2 potions of flight
 q - a potion of cancellation
 u - a potion of resistance
 w - a potion of curing
 z - a potion of brilliance {unknown}


   Skills:
 + Level 9.8 Dodging
 - Level 2.4 Stealth
 - Level 3.0 Spellcasting
 + Level 4.4 Summonings
 + Level 9.7 Ice Magic


You had 3 spell levels left.
You knew the following spells:

 Your Spells              Type           Power        Failure   Level
a - Freeze                Ice            100%         1%          1
b - Frozen Ramparts       Ice            100%         1%          3
c - Ozocubu's Armour      Ice            50%          1%          3
d - Summon Ice Beast      Ice/Summ       37%          6%          4

Your spell library contained the following spells:

 Spells                   Type           Power        Failure   Level
 Hailstorm                Conj/Ice       27%          14%         4


Dungeon Overview and Level Annotations

Branches:
Dungeon (7/15)             Temple (1/1) D:6

Altars:
Ashenzari
Cheibriados
Dithmenos
Elyvilon
Fedhas
Hepliaklqana
Kikubaaqudgha
Nemelex Xobeh
Okawaru
Qazlal
Ru
Sif Muna
Trog
Uskayaw
Vehumet
Wu Jian
Yredelemnul
Zin
The Shining One


Message History

Confirm with . or Enter, or press ? or * to list all spells.
Casting: Frozen Ramparts (safe; 1% risk of failure)
Press: ? - help, Dir - look around, f - activate The walls around you are covered in ice.
The ogre shouts!
The necrophage resists.
The wall freezes the necrophage.
The wall freezes the ogre!
You hit the ogre.
The ogre is moderately wounded.
The necrophage resists.
The wall freezes the necrophage.
The necrophage barely misses you.
The wall freezes the ogre!
The ogre completely misses you.
You hit the ogre.
The ogre is severely wounded.
The necrophage completely resists.
The wall freezes the necrophage but does no damage.
The necrophage misses you.
The wall freezes the ogre.
The ogre hits you with a cursed +0 giant club!!
Ouch! That really hurt!
You die...

####.####
#.(.....#
#.z.....# ##
#.......# # #.
........# ... #.
#.......##
.....#O##)........
.......@n)........
.....#.##.........
... #.##.......# #
#....<.....#
####.....#.#
##..### # ...#
.... #..###


You could see an ogre and a necrophage.

Vanquished Creatures
  Eustachio (D:4)
  An ice beast (D:5)
  3 sky beasts
  An orc warrior (D:6)
  3 ogres
  3 bullfrogs
  A scorpion (D:4)
  4 wights (D:7)
  5 howler monkeys
  An orc priest (D:6)
  A hound (D:5)
  A bullfrog skeleton (D:6)
  Ijyb (D:2)
  9 worker ants
  2 orc wizards
  2 hound skeletons
  A worker ant zombie (D:6)
  10 gnolls (D:4)
  6 adders
  2 white imps
  An ufetubus (D:5)
  2 adder zombies
  An adder skeleton (D:3)
  4 worms
  2 dart slugs (D:1)
  A leopard gecko (D:1)
  9 orcs
  6 bats
  2 giant cockroaches
  12 goblins
  9 hobgoblins
  3 jackals (D:1)
  6 kobolds
  6 quokkas
  2 ball pythons
  A ball python zombie (D:3)
  4 frilled lizards
  A jackal skeleton (D:4)
  A jackal zombie (D:3)
  A quokka zombie (D:6)
  10 rats
142 creatures vanquished.

Vanquished Creatures (others)
  A withered plant (D:3)
1 creature vanquished.

Grand Total: 143 creatures vanquished

Notes
Turn   | Place    | Note
-------+----------+-------------------------------------------
     0 | D:1      | buriedalive the Deep Elf Ice Elementalist began the quest
                  | for the Orb.
     0 | D:1      | Reached XP level 1. HP: 10/10 MP: 6/6
   445 | D:1      | Reached XP level 2. HP: 14/15 MP: 6/8
  1424 | D:1      | Reached XP level 3. HP: 17/19 MP: 7/9
  1463 | D:1      | Reached skill level 5 in Ice Magic
  1905 | D:2      | Noticed Ijyb
  2050 | D:1      | Learned a level 3 spell: Frozen Ramparts
  2054 | D:1      | Learned a level 3 spell: Ozocubu's Armour
  2475 | D:2      | Killed Ijyb
  2476 | D:2      | Reached XP level 4. HP: 22/24 MP: 3/10
  2591 | D:2      | Found a sacrificial altar of Ru.
  3473 | D:3      | Reached XP level 5. HP: 27/28 MP: 11/11
  3760 | D:3      | Reached skill level 5 in Dodging
  3839 | D:3      | Found a bloodstained altar of Trog.
  3839 | D:3      | Found a hide-covered altar of Uskayaw.
  4076 | D:4      | Noticed Eustachio
  4087 | D:4      | Killed Eustachio
  4088 | D:4      | Reached XP level 6. HP: 32/32 MP: 12/12
  5074 | D:4      | Reached XP level 7. HP: 36/36 MP: 13/13
  5554 | D:5      | Entered Level 5 of the Dungeon
  6270 | D:5      | Reached XP level 8. HP: 32/41 MP: 14/14
  6904 | D:6      | Learned a level 4 spell: Summon Ice Beast
  6937 | D:6      | Reached skill level 1 in Summonings
  7606 | D:6      | Found a staircase to the Ecumenical Temple.
  7986 | Temple   | Entered the Ecumenical Temple
  8021 | Temple   | Became a worshipper of Ashenzari the Shackled
  8264 | D:6      | Identified the amulet "Natefaf" {Spirit Dex+2}
  8887 | D:7      | Reached XP level 9. HP: 39/45 MP: 15/15
  8906 | D:7      | Mangled by an ogre

Illustrated notes

Levels and vault maps discovered:
D:1:      minmay_arrival_radiant_lines, layout_basic
D:2:      kennysheep_the_goblin_king, layout_loops_ring, marbit_many_paths
D:3:      layout_rooms, gammafunk_temple_overflow_wave, serial_undead,
          serial_undead_c, serial_undead_b, serial_undead_a, serial_undead_d
D:4:      layout_basic, uniq_eustachio
D:5:      layout_basic
D:6:      layout_gridville, minmay_temple_entry_butterflies
D:7:      layout_loops_cross, grunt_temple_overflow_champion_of_chaos,
          nicolae_overflow_crystal_walls
Temple:   compressed_dpeg_circular_temple

Skill      XL: |  1  2  3  4  5  6  7  8 |
---------------+-------------------------+-----
Dodging        | 3 4 5 6 8 9 |  9.8
Ice Magic      | 5 6 7 8 9 |  9.7
Summonings     | 4 |  4.4
Stealth        | |  2.4
Spellcasting   | |  3.0

Action                   |  1- 3 |  4- 6 |  7- 9 || total
-------------------------+-------+-------+-------++-------
Melee: Short sword       |    38 |    83 |   212 ||   333
       Unarmed           |     1 |       |       ||     1
Throw: Dart              |       |       |     1 ||     1
 Cast: Freeze            |    48 |    30 |    11 ||    89
       Frozen Ramparts   |     1 |    11 |    24 ||    36
       Ozocubu's Armour  |       |     3 |    12 ||    15
Invok: Curse Item        |       |       |     2 ||     2
  Use: Scroll            |       |     8 |     6 ||    14
       Potion            |       |     1 |     3 ||     4
 Stab: Sleeping          |     8 |     6 |     2 ||    16
       Distracted        |       |     1 |       ||     1
Armor: Robe              |    10 |    12 |    24 ||    46
Dodge: Dodged            |    56 |   100 |   242 ||   398
